 Dungeon Crawl Stone Soup version 0.30-a0-364-gf6b3ef1049 (webtiles) character file.

Game seed: 16462438800075491898

401 HolyTactitian the Covert (level 6, 0/41 HPs)
             Began as an Octopode Brigand on Nov 15, 2022.
             Slain by Pikel
             ... wielding a +0 whip of freezing
              (10 damage)
             ... on level 5 of the Dungeon.
             The game lasted 00:31:01 (5075 turns).

HolyTactitian the Covert (Octopode Brigand)         Turns: 5075, Time: 00:31:02

Health: 0/41       AC:  1    Str: 10    XL:     6   Next: 85%
Magic:  6/6        EV: 13    Int: 13    God:
Gold:   246        SH:  0    Dex: 16    Spells: 4/5 levels left

rFire   . . .      SeeInvis .    v - +4 war axe
rCold   . . .      Faith    .    (no shield)
rNeg    . . .      Spirit   .    (helmet restricted)
rPois   .          Reflect  .    (no amulet)
rElec   .          Harm     .    (no ring)
rCorr   .          Rampage  .    (no ring)
Will    .....                    (no ring)
Stlth   +++++.....               (no ring)
HPRegen 0.26/turn                (no ring)
MPRegen 0.10/turn                (no ring)
                                 (no ring)
                                 (no ring)

@: no status effects
A: almost no armour, amphibious, 8 rings, camouflage 1, gelatinous body 1,
(nimble swimmer 1), tentacles
a: no special abilities


You were on level 5 of the Dungeon.
You visited 1 branch of the dungeon, and saw 5 of its levels.

You collected 246 gold pieces.

Inventory:

Hand Weapons
 a - a +2 dagger
 n - a +2 whip of draining
 o - a +0 short sword of draining
 v - a +4 war axe (weapon)
Missiles
 c - 2 curare-tipped darts (quivered)
 f - 2 atropa-tipped darts
 t - 16 stones
Wands
 w - a wand of roots (5)
 A - a wand of digging (4)
Scrolls
 d - 7 scrolls of identify {unknown}
 g - a scroll of fear {unknown}
 h - a scroll of teleportation {unknown}
 j - 2 scrolls of vulnerability {unknown}
 l - 2 scrolls of summoning {unknown}
 m - 2 scrolls of poison {unknown}
 p - a scroll of enchant armour {unknown}
 r - a scroll of magic mapping {unknown}
 s - 2 scrolls of butterflies {unknown}
 u - a scroll of amnesia {unknown}
 y - a scroll of acquirement {unknown}
 z - a scroll of enchant weapon {unknown}
Potions
 e - 2 potions of curing {unknown}
 i - 2 potions of might {unknown}
 k - a potion of mutation {unknown}
 q - a potion of invisibility {unknown}
 x - a potion of ambrosia {unknown}


   Skills:
 + Level 2.7 Fighting
 + Level 2.7 Short Blades
 + Level 1.5 Axes
 + Level 3.5 Throwing
 + Level 2.0 Dodging
 + Level 8.5 Stealth


You had 4 spell levels left.
You knew the following spells:

 Your Spells              Type           Power      Damage    Failure   Level
a - Magic Dart            Conj           0%         1d3       30%         1

Your spell library contained the following spells:

 Spells                   Type           Power      Damage    Failure   Level
 Cigotuvi's Dreadful Rot  Necr/Pois/Air  0%         N/A       43%         2
 Poisonous Vapours        Pois/Air       0%         N/A       43%         2
 Searing Ray              Conj           0%         2d4       43%         2
 Inner Flame              Hex/Fire       0%         N/A       67%         3
 Mephitic Cloud           Conj/Pois/Air  0%         N/A       67%         3
 Cause Fear               Hex            0%         N/A       97%         4
 Fulminant Prism          Conj/Hex       0%         3d5       97%         4
 Discord                  Hex            0%         N/A       100%        8


Dungeon Overview and Level Annotations

Branches:
Dungeon (5/15)
 Temple: D:4-7

Altars:

Annotations:
D:5 Pikel


Innate Abilities, Weirdness & Mutations

You cannot wear most types of armour.
You are amphibious.
You can wear up to eight rings at the same time.
Your skin changes colour to match your surroundings (Stealth+).
Your rubbery body absorbs attacks. (AC +1, EV +1)
((You are camouflaged when in or above water. (Stealth+)))
You have tentacles for arms and can constrict up to eight enemies at once.


Message History

The lemure shouts!
The lemure shouts!
There are no items here.
Throw: dart (poison)
Press: ? - help, Q - select action, (/) - cycle Shift-Dir - straight line, f/p - Pikel
Aim: Pikel, wielding a +0 whip of freezing and wearing a +0 robe (55% to hit)
You throw a poisoned dart. The poisoned dart hits Pikel!
Pikel is poisoned.
You slash the lemure! Your grab misses the lemure.
You squeeze the lemure, but do no damage.
The lemure is moderately wounded.
You closely miss the lemure. The lemure hits you!
The lemure closely misses you. The lemure hits you!
You hit Pikel. Your grab misses Pikel.
Pikel is moderately wounded.
You barely miss the lemure.
Pikel hits you with a +0 whip of freezing.
Pikel freezes you. The lemure closely misses you.
You closely miss Pikel. Your grab misses Pikel. You squeeze Pikel!
Pikel is heavily wounded.
You miss the lemure. The lemure hits you. Pikel barely misses you.
A hound comes into view.
You hit Pikel but do no damage. You grab Pikel.
Pikel is heavily wounded.
You hit the lemure. You miss the lemure. You constrict Pikel.
The lemure hits you.
* * * LOW HITPOINT WARNING * * *
Pikel misses you. The lemure completely misses you. The lemure misses you. x2
Pikel says, "You'll feel the lick of my whip!"
Pikel closely misses you.
You hit Pikel.
Pikel is severely wounded.
You hit the lemure. You barely miss the lemure. You constrict Pikel.
The lemure barely misses you. Pikel closely misses you. The lemure hits you.
* * * LOW HITPOINT WARNING * * *
You hit Pikel.
Pikel is almost dead.
You closely miss the lemure. x2; You constrict Pikel, but do no damage.
The lemure closely misses you.
Pikel hits you with a +0 whip of freezing!
You die...

#...........#.##.#######.###
#...........### ... #.
#...........# #..# #.
#...........# #.. #.
#...........# ## ..
#...........# #.
#...........# #.
###########.# #@# #5K5......
#.55h..... #.........
#.......:. #.........
#......... #........(


You could see Pikel (poisoned), 4 lemures and a hound.

Vanquished Creatures
  A black bear (D:4)
  An ogre (D:4)
  A necrophage (D:5)
  2 gnolls
  6 adders
  An ufetubus (D:5)
  3 worms
  A dart slug (D:1)
  4 orcs
  2 bats
  9 endoplasms
  2 giant cockroaches
  5 goblins
  5 hobgoblins
  7 jackals
  8 kobolds
  3 quokkas (D:2)
  7 ball pythons
  3 frilled lizards
  3 rats (D:2)
  A bush (D:1)
75 creatures vanquished.

Vanquished Creatures (others)
  3 plants (D:1)
3 creatures vanquished.

Grand Total: 78 creatures vanquished

Notes
Turn   | Place    | Note
-------+----------+-------------------------------------------
     0 | D:1      | HolyTactitian the Octopode Brigand began the quest for the
                  | Orb.
     0 | D:1      | Reached XP level 1. HP: 14/14 MP: 1/1
   123 | D:1      | Reached XP level 2. HP: 16/19 MP: 2/2
   261 | D:1      | Reached skill level 6 in Stealth
   450 | D:1      | Learned a level 1 spell: Magic Dart
   764 | D:1      | Reached XP level 3. HP: 24/24 MP: 3/3
  1629 | D:2      | Reached XP level 4. HP: 29/29 MP: 4/4
  2022 | D:2      | Reached skill level 7 in Stealth
  3980 | D:4      | Noticed a black bear
  3993 | D:4      | Killed a black bear
  3994 | D:4      | Reached XP level 5. HP: 5/34 MP: 5/5
  3998 | D:4      | Reached skill level 8 in Stealth
  4402 | D:4      | Reached XP level 6. HP: 30/41 MP: 6/6
  4970 | D:5      | Entered Level 5 of the Dungeon
  5035 | D:5      | Reached skill level 1 in Axes
  5065 | D:5      | Noticed Pikel
  5075 | D:5      | Slain by Pikel

Illustrated notes

Levels and vault maps discovered:
D:1:      psy_arrival_conway, layout_loops_cross
D:2:      layout_basic, minmay_misc_feat_x, minmay_between
D:3:      layout_basic, minmay_misc_feat_room
D:4:      layout_basic, minmay_misc_feat_hallway, minmay_pentomino_pile
D:5:      layout_basic, uniq_pikel, uniq_grinder

Skill      XL: |  1  2  3  4  5  6 |
---------------+-------------------+-----
Stealth        | 6 7 8 |  8.5
Throwing       | 3 |  3.5
Axes           | 1 |  1.5
Dodging        | 2 |  2.0
Fighting       | |  2.7
Short Blades   | |  2.7

Action                   |  1- 3 |  4- 6 || total
-------------------------+-------+-------++-------
Melee: Dagger            |   149 |    24 ||   173
       Tentacles         |    40 |    22 ||    62
       Constrict         |    12 |    20 ||    32
       Punch             |     2 |       ||     2
       Short sword       |       |    26 ||    26
       Whip              |       |     2 ||     2
       War axe           |       |    36 ||    36
Throw: Dart              |    32 |    29 ||    61
 Cast: Magic Dart        |     2 |       ||     2
 Stab: Sleeping          |     8 |     6 ||    14
       Distracted        |       |     1 ||     1
Armor: Skin              |     9 |     4 ||    13
Dodge: Dodged            |    33 |    67 ||   100

Table legend: (Time is in decaauts)
 A = Elapsed time spent in this place.
 B = Non-inter-level travel time spent in this place.
 C = Inter-level travel time spent in this place.
 D = Time resting spent in this place.
 E = Time spent auto-exploring this place.
 F = Levels seen in this place.
 G = Mean time per level.
                   A        B        C        D        E       F      G
               +--------+--------+--------+--------+--------+-----+--------+
         Total |   5059 |   4830 |    229 |   1362 |      0 |   5 | 1011.8 |
       Dungeon |   5059 |   4830 |    229 |   1362 |      0 |   5 | 1011.8 |
               +--------+--------+--------+--------+--------+-----+--------+

Top non-repeatable levels by time:
     D:3: 1722 daAuts
     D:1: 1320 daAuts
     D:4: 1011 daAuts
     D:2: 896 daAuts
     D:5: 108 daAuts
